cohdb
Replays
Latest Replays
All Replays
Popular Replays
Top Player Replays
Match Explorer
How It Works
Community
CoH3 Stats
Reddit
Sign in to upload your games and track your stats! →
Sign in with Steam
Match 47290996
Unlisted
Match 47290996
Overview
Messages
Build Orders
End
Panzerpioneer Squad
250 Light Carrier
Panzerpioneer Squad
Construct Light Support Kompanie
Assault Grenadier Squad
Fire Support Elements
Assault Grenadier Squad
Flakvierling Half-track
Panzerjäger Mechanized Group
Vehicle Survival Package
Construct Panzerarmee Kommand
Selects Armored Support Battlegroup
Selects Veteran Gunners
Selects Salvage Kits
Selects Panzer Storm
Panzer III L Medium Tank
Rapid Advance
Tungsten Core Ammunition
Panzer III L Medium Tank
Panzer III L Medium Tank
Selects Stuka Dive Bomb
Panzer III L Medium Tank
Panzer Storm
Stuka Dive Bomb
Armored Reserves
憨八龟
schlado_ [PGFTW]
ionwood
blue172
还有一丝!!!
WasaBee
dad81ace
勇爷来也
0
0
Comments
sign in to comment!
No comments posted yet!